 Dungeon Crawl Stone Soup version 0.20-a0-1040-gfd09691 (webtiles) character file.

1306 Alarkh the Magician (level 8, -4/52 HPs)
             Began as a Mummy Necromancer on Apr 23, 2017.
             Was an Initiate of Gozag.
             Slain by Prince Ribbit (15 damage)
             ... on level 5 of the Dungeon.
             The game lasted 00:07:45 (6250 turns).

Alarkh the Magician (Mummy Necromancer)             Turns: 6250, Time: 00:07:45

Health: -4/52      AC:  6    Str: 11    XL:     8   Next: 32%
Magic:  4/27       EV: 16    Int: 16    God:    Gozag
Gold:   301        SH:  0    Dex: 13    Spells: 12/20 levels left

rFire    x . .     SeeInvis .   a - +0 quarterstaff
rCold    + . .     Gourm    .   (shield currently unavailable)
rNeg     + + +     Faith    .   o - +0 robe
rPois    ∞         Spirit   .   i - +2 helmet
rElec    .         Reflect  .   (no cloak)
rCorr    .         Harm     .   (no gloves)
MR       +....                  d - +0 pair of boots
Stlth    ++........             (no amulet)
Regen    0.2/turn               h - +4 ring of evasion
MPRegen  0.2/turn               l - ring of magical power

@: no status effects
A: no food or potions, fire vulnerability, cold resistance 1, negative energy
resistance 3, torment resistance, unbreathing
a: Potion Petition, Call Merchant, Bribe Branch, Renounce Religion


You were on level 5 of the Dungeon.
You worshipped Gozag.
Gozag was aware of your devotion.
You were not hungry.

You visited 2 branches of the dungeon, and saw 6 of its levels.

You collected 422 gold pieces.
You spent 45 gold pieces at shops.
You paid 76 gold pieces to Gozag.

Inventory:

Hand Weapons
 a - a +0 quarterstaff (weapon)
Armour
 d - a +0 pair of boots (worn)
 i - a +2 helmet (worn)
 o - a +0 robe (worn)
Jewellery
 f - an uncursed ring of flight
 h - a +4 ring of evasion (left hand)
 j - the ring of Yngeaf {rElec rPois Stlth+}
   (You found it on level 5 of the Dungeon)

   [ring of stealth]

   It insulates you from electricity.
   It protects you from poison.
   It makes you more stealthy.
 l - a ring of magical power (right hand)
Wands
 c - a wand of acid (8/15)
 m - a wand of paralysis (18/24)
Scrolls
 e - 6 scrolls of identify
 g - 2 scrolls of enchant weapon
 n - 2 scrolls of magic mapping
Books
 b - a book of Necromancy

   Spells                             Type                      Level
   a - Pain                           Necromancy                   1
   b - Animate Skeleton               Necromancy                   1
   c - Vampiric Draining              Necromancy                   3
   d - Regeneration                   Charms/Necromancy            3
   e - Animate Dead                   Necromancy                   4
   f - Control Undead                 Necromancy                   4


   Skills:
 * Level 5.6 Staves
 - Level 1.5 Dodging
 - Level 1.5 Stealth
 - Level 6.7 Spellcasting
 - Level 6.6 Necromancy


You had 12 spell levels left.
You knew the following spells:

 Your Spells              Type           Power        Failure   Level  Hunger
a - Pain                  Necr           ####         1%          1    N/A
c - Animate Dead          Necr           N/A          9%          4    N/A
e - Vampiric Draining     Necr           ####......   2%          3    N/A

Dungeon Overview and Level Annotations

Branches:
Dungeon (5/15)             Temple (1/1) D:4

Altars:
Ashenzari
Dithmenos
Elyvilon
Fedhas
Gozag
Hepliaklqana
Nemelex Xobeh
Okawaru
Qazlal
Ru
Sif Muna
Trog
Uskayaw
Vehumet
Wu Jian
Xom
Yredelemnul
Zin

Shops:
D:5 ?

Annotations:
D:5 Prince Ribbit


Innate Abilities, Weirdness & Mutations

You do not eat or drink.
Your flesh is vulnerable to fire.
You are immune to poison.
Your flesh is cold resistant. (rC+)
You are immune to negative energy. (rN+++)
You are immune to unholy pain and torment.
You can survive without breathing.


Message History

Aim: Prince Ribbit (lightly wounded, chance to defeat MR: 71%) Prince Ribbit struggles to resist.
Prince Ribbit hits you. Prince Ribbit hits you!
Casting: Pain
Confirm with . or Enter, or press ? or * to list all spells.
Aiming: Pain
Press: ? - help, Shift-Dir - straight line, f/p - Prince Ribbit
Aim: Prince Ribbit (lightly wounded, chance to defeat MR: 71%) Prince Ribbit writhes in agony!
Prince Ribbit hits you!
* * * LOW HITPOINT WARNING * * *
Okay, then.
Casting: Pain
Confirm with . or Enter, or press ? or * to list all spells.
Aiming: Vampiric Draining
Press: ? - help, Shift-Dir - straight line, f/p - Prince Ribbit
Aim: Prince Ribbit (lightly wounded) Prince Ribbit is moderately wounded.
You feel life coursing into your body. Prince Ribbit hits you!
You die...
Your body crumbles into a pile of gold.

$ . ..#.###.# ..
#........
##'#######........
...p$...##.......# .#
........##.....#.#. ...
........##......... ...
......F@##......# ...
##.....$$$......#
##########.....######
#######..............#
#.....##.###.........#.
#.....##..).....<....+..
#.........##.........#..
###.......##.........##.
#.......####.######...


You could see Prince Ribbit and a neutral freed slave (wandering).

Vanquished Creatures
  Pikel (D:5)
  Edmund (D:4)
  A bullfrog (D:4)
  A scorpion (D:4)
  A howler monkey (D:5)
  A crimson imp (D:5)
  A hound (D:4)
  A gnoll shaman (D:4)
  An orc priest (D:4)
  2 orc wizards
  4 worker ants (D:4)
  Robin (D:2)
  7 gnolls
  6 adders
  4 oozes
  An adder skeleton (D:4)
  9 worms
  3 dart slugs
  5 leopard geckos
  15 orcs
  A ball python (D:3)
  6 giant cockroaches
  12 goblins
  11 hobgoblins
  8 jackals
  A quokka (D:4)
  6 bats
  3 frilled lizards
  4 kobolds
  A quokka skeleton (D:4)
  2 rats
121 creatures vanquished.

Vanquished Creatures (others)
  An orc wizard (D:5)
  A leopard gecko (D:5)
2 creatures vanquished.

Grand Total: 123 creatures vanquished

Notes
Turn   | Place    | Note
-------+----------+-------------------------------------------
     0 | D:1      | Alarkh the Mummy Necromancer began the quest for the Orb.
     0 | D:1      | Reached XP level 1. HP: 13/13 MP: 4/4
    97 | D:1      | Reached XP level 2. HP: 12/19 MP: 0/6
   789 | D:1      | Reached XP level 3. HP: 24/24 MP: 4/8
   794 | D:1      | Learned a level 3 spell: Vampiric Draining
  2051 | D:2      | Reached XP level 4. HP: 30/30 MP: 7/10
  2094 | D:2      | Learned a level 4 spell: Animate Dead
  2363 | D:3      | Noticed Robin
  2503 | D:3      | Reached skill level 5 in Necromancy
  2854 | D:2      | Reached XP level 5. HP: 22/35 MP: 0/12
  2980 | D:3      | Reached skill level 5 in Spellcasting
  3041 | D:2      | Killed Robin
  4262 | D:4      | Reached XP level 6. HP: 39/41 MP: 6/14
  4521 | D:4      | Found a sacrificial altar of Ru.
  4581 | D:4      | Noticed Edmund
  4595 | D:4      | Killed Edmund
  4872 | D:4      | Reached XP level 7. HP: 46/46 MP: 17/17
  5113 | D:4      | Found a staircase to the Ecumenical Temple.
  5164 | Temple   | Entered the Ecumenical Temple
  5310 | Temple   | Became a worshipper of Gozag Ym Sagoz the Greedy
  5351 | D:4      | Found a hide-covered altar of Uskayaw.
  5367 | D:4      | Reached skill level 1 in Staves
  5877 | D:5      | Entered Level 5 of the Dungeon
  5990 | D:5      | Found Gyhexai's Magic Scroll Shoppe.
  5998 | D:5      | Bought a scroll of remove curse for 45 gold pieces
  6040 | D:5      | Noticed Pikel
  6074 | D:5      | Killed Pikel
  6074 | D:5      | Reached skill level 5 in Staves
  6074 | D:5      | Reached XP level 8. HP: 33/52 MP: 15/18
  6201 | D:5      | Got a wavering steel ring
  6216 | D:5      | Identified the ring of Yngeaf {rElec rPois Stlth+} (You found it on level 5 of the Dungeon)
  6242 | D:5      | Noticed Prince Ribbit
  6250 | D:5      | Slain by Prince Ribbit

Vault maps used:
D:1:      dpeg_arrival_chase
D:3:      hex_medium, uniq_robin
D:4:      lemuel_doored_altar, hangedman_ru_absence, temple_statues,
          hangedman_minor_gate_pass, uniq_edmund
D:5:      serial_shops, nicolae_shop_temple_entry_statues_fountains,
          first_bread, uniq_sigmund, uniq_pikel, uniq_prince_ribbit1
Temple:   nicolae_temple_elliptical

Skill      XL: |  1  2  3  4  5  6  7 |
---------------+----------------------+-----
Spellcasting   | 3 4 5 6 |  6.7
Necromancy     | 5 6 |  6.6
Staves         | 5 |  5.6
Dodging        | |  1.5
Stealth        | |  1.5

Action                   |  1- 3 |  4- 6 |  7- 9 || total
-------------------------+-------+-------+-------++-------
Melee: Unarmed           |     7 |       |       ||     7
       Hand axe          |     1 |    59 |    10 ||    70
       Quarterstaff      |       |       |    11 ||    11
 Cast: Pain              |    75 |   185 |   103 ||   363
       Vampiric Draining |       |     1 |     1 ||     2
Evoke: Wand              |       |     1 |     1 ||     2
  Use: Scroll            |     8 |     4 |     1 ||    13
 Stab: Sleeping          |       |     1 |     1 ||     2
Armor: Robe              |     6 |    27 |     8 ||    41
Dodge: Dodged            |    13 |   119 |    41 ||   173
